 Dungeon Sprint DCSS version 0.28.0-43-g3370ac3207 (webtiles) character file.

Game seed: 1661486535221535927

549 boopmooplesden the Cleaver (level 7, -8/74 HPs)
             Began as a Minotaur Berserker on Mar 17, 2022.
             Was a Believer of Trog.
             Mangled by a rust devil (10 damage)
             ... summoned by a kobold demonologist
             ... in the Dungeon (Sprint I: "Red Sonja").
             The game lasted 00:01:09 (611 turns).

boopmooplesden the Cleaver (Minotaur Berserker)      Turns: 611, Time: 00:01:09

Health: -8/74      AC: -1    Str: 22      XL:     7   Next: 7%
Magic:  6/6        EV: 12    Int:  1 (4)  God:    Trog [**....]
Gold:   270        SH:  0    Dex: 11      Spells: 6/6 levels left

rFire   . . .      SeeInvis .   l - +0 scythe (freeze)
rCold   . . .      Faith    .   (shield currently unavailable)
rNeg    . . .      Spirit   .   j - +0 ring mail
rPois   .          Reflect  .   (helmet restricted)
rElec   .          Harm     .   (no cloak)
rCorr   .          Rampage  .   (no gloves)
Will    .....      NoTele   +   (no boots)
Stlth   +.........              (no amulet)
HPRegen 0.22/turn               (no ring)
MPRegen 0.10/turn               (no ring)

@: corroded, on berserk cooldown, slowed, very slow
A: horns 2, retaliatory headbutt
a: Renounce Religion, Berserk, Trog's Hand


You were in the Dungeon.
You worshipped Trog.
Trog was pleased with you.
You visited 1 branch You collected 270 gold pieces.

Inventory:

Hand Weapons
 a - a +0 hand axe
 l - a +0 scythe of freezing (weapon)
Armour
 b - a +0 animal skin
 j - a +0 ring mail (worn)
Wands
 i - a wand of mindburst (11)
Potions
 c - a potion of curing
 e - a potion of haste
 f - 2 potions of magic
 g - a potion of berserk rage
 k - a potion of mutation {unknown}


   Skills:
 + Level 11.1 Fighting
 + Level 11.4(11.5) Axes
 + Level 2.1(7.6) Polearms
 + Level 7.8 Armour
 + Level 5.7 Dodging
 + Level 1.5 Stealth


You had 6 spell levels left.
You didn't know any spells.
Your spell library was empty.

Dungeon Overview and Level Annotations

Branches:
Dungeon (1/1)

Altars:
Makhleb
Xom
Jiyva
Lugonu


Innate Abilities, Weirdness & Mutations

You have a pair of horns on your head.
You reflexively headbutt those who attack you in melee.


Message History

The red devil closely misses you.
The soul eater draws from the surrounding life force!
The red devil barely misses you.
The soul eater draws from the surrounding life force!
* * * LOW HITPOINT WARNING * * *
The rust devil closely misses you.
There is an open door here.
You hit the rust devil but do no damage.
The red devil disappears in a puff of smoke!
The kobold demonologist gestures wildly while chanting.
The rust devil hits you.
* * * LOW HITPOINT WARNING * * *
The rust devil corrodes you! The rust devil hits you.
* * * LOW HITPOINT WARNING * * *
The rust devil corrodes you!
The kobold demonologist hits you with a +1 dagger of speed.
* * * LOW HITPOINT WARNING * * *
You hit the kobold demonologist. You freeze the kobold demonologist.
Your headbutt misses the kobold demonologist.
The kobold demonologist is moderately wounded.
The shadow imp disappears in a puff of smoke!
The iron imp disappears in a puff of smoke!
The rust devil barely misses you.
The kobold demonologist barely misses you.
The neqoxec gestures at you.
You feel dopey. Something feeds on your intellect!
The crimson imp barely misses you.
The kobold demonologist hits you with a +1 dagger of speed.
* * * LOW HITPOINT WARNING * * *
The rust devil barely misses you.
The kobold demonologist closely misses you.
The crimson imp misses you.
The kobold demonologist hits you with a +1 dagger of speed.
* * * LOW HITPOINT WARNING * * *
You slash the kobold demonologist! You freeze the kobold demonologist.
The kobold demonologist is severely wounded.
The ufetubus disappears in a puff of smoke!
The neqoxec disappears in a puff of smoke!
The rust devil hits you!
You die...

##########################
#<.#..'..#..'..#K_#5§3...#
#..').#.)'[.#..@434K§#.5§#
#..#####'#####+#55####445+
#..# #..# #### ##### #..#
#### #..# #⌠⌠# ####


You could see 2 soul eaters, a rust devil (summoned), 2 kobold demonologists, a
red devil (summoned), an iron imp (summoned), a crimson imp (summoned) and an
ufetubus (summoned).

Vanquished Creatures
  A slime creature (D)
  Sigmund (D)
  A floating eye (D)
  An ogre (D)
  Ijyb (D)
5 creatures vanquished.

Notes
Turn   | Place    | Note
-------+----------+-------------------------------------------
     0 | D        | boopmooplesden the Minotaur Berserker began the quest for
                  | the Orb.
     0 | D        | Reached XP level 1. HP: 19/19 MP: 0/0
     1 | D        | Noticed Ijyb
     7 | D        | Killed Ijyb
     8 | D        | Reached skill level 5 in Fighting
     8 | D        | Reached skill level 5 in Axes
     8 | D        | Reached XP level 2. HP: 8/30 MP: 1/1
   243 | D        | Noticed an ogre
   251 | D        | Killed an ogre
   252 | D        | Reached XP level 3. HP: 31/39 MP: 2/2
   252 | D        | Reached XP level 4. HP: 38/47 MP: 3/3
   470 | D        | Noticed Sigmund
   477 | D        | Killed Sigmund
   477 | D        | Reached ** piety under Trog
   478 | D        | Reached skill level 1 in Stealth
   478 | D        | Reached XP level 5. HP: 57/57 MP: 4/4
   478 | D        | Reached XP level 6. HP: 64/64 MP: 5/5
   546 | D        | Found a burning altar of Makhleb.
   546 | D        | Found a viscous altar of Jiyva.
   546 | D        | Found a shimmering altar of Xom.
   546 | D        | Found a corrupted altar of Lugonu.
   546 | D        | Noticed a slime creature
   549 | D        | Killed a slime creature
   550 | D        | Reached skill level 10 in Fighting
   550 | D        | Reached skill level 1 in Polearms
   550 | D        | Reached skill level 5 in Dodging
   592 | D        | Noticed a kobold demonologist
   592 | D        | Noticed a floating eye
   593 | D        | Noticed a kobold demonologist
   596 | D        | Killed a floating eye
   597 | D        | Reached XP level 7. HP: 74/74 MP: 6/6
   600 | D        | Noticed a red devil
   601 | D        | Noticed a neqoxec
   602 | D        | Noticed a red devil
   606 | D        | Noticed a soul eater
   607 | D        | Noticed a rust devil
   610 | D        | HP: 2/74 [kobold demonologist/+1 dagger of speed (3)]
   610 | D        | Noticed a soul eater
   611 | D        | Mangled by a rust devil

Illustrated notes

Levels and vault maps discovered:
D:        dungeon_sprint_1 [red_sonja_temple_1, red_sonja_temple_small_1]

Skill      XL: |  1  2  3  4  5  6 |
---------------+-------------------+-----
Fighting       | 5 7 9 11 | 11.1
Axes           | 5 7 9 11 | 11.4
Armour         | 3 4 6 7 |  7.8
Dodging        | 3 4 5 |  5.7
Stealth        | 1 |  1.5
Polearms       | 2 |  2.1

Action                   |  1- 3 |  4- 6 |  7- 9 || total
-------------------------+-------+-------+-------++-------
Melee: Hand axe          |    11 |     5 |       ||    16
       Headbutt          |     2 |       |       ||     2
       Scythe            |       |     3 |     9 ||    12
Invok: Berserk           |     2 |     3 |       ||     5
  Use: Scroll            |       |       |     1 ||     1
       Potion            |       |       |     1 ||     1
Armor: Ring mail         |       |     3 |     9 ||    12
Dodge: Dodged            |     3 |     3 |    26 ||    32
